 Dungeon Crawl Stone Soup version 0.25-a0-890-g62861fb195 (webtiles) character file.

Game seed: 2703473764133635792, levelgen mode: deterministic

9318 Hasart the Thaumaturge (level 11, -23/54 HPs)
             Began as a Deep Elf Wizard on May 2, 2020.
             Was a High Priest of Sif Muna.
             Annihilated by a red devil
             ... wielding a +0 demon trident
             ... summoned by an orc sorcerer
              (27 damage)
             ... on level 1 of the Orcish Mines.
             The game lasted 00:40:32 (13619 turns).

Hasart the Thaumaturge (Deep Elf Wizard)           Turns: 13619, Time: 00:40:33

Health: -23/54     AC:  7    Str:  4    XL:     11   Next: 21%
Magic:  12/27      EV: 21    Int: 27    God:    Sif Muna [*****.]
Gold:   127        SH:  0    Dex: 13    Spells: 12/30 levels left

rFire    . . .     SeeInvis .   G - +3 scimitar (flame)
rCold    + . .     Gourm    .   (no shield)
rNeg     . . .     Faith    .   p - +2 robe {rC+}
rPois    +         Spirit   .   b - +0 hat
rElec    .         Reflect  .   E - +0 cloak
rCorr    .         Harm     .   (no gloves)
MR       +....                  M - +1 pair of boots
Stlth    ++........             (no amulet)
HPRegen  0.18/turn              B - ring of poison resistance
MPRegen  0.20/turn              y - +4 ring of evasion

@: no status effects
A: no striking features
a: Channel Magic, Forget Spell, Divine Exegesis, Renounce Religion


You were on level 1 of the Orcish Mines.
You worshipped Sif Muna.
Sif Muna was extremely pleased with you.
You were hungry.

You visited 3 branches of the dungeon, and saw 11 of its levels.

You collected 512 gold pieces.
You spent 385 gold pieces at shops.

Inventory:

Hand Weapons
 r - a +3 dagger
 t - a +1 falchion of holy wrath
 G - a +3 scimitar of flaming (weapon)
Missiles
 v - 6 curare-tipped darts (quivered)
Armour
 b - a +0 hat (worn)
 p - a +2 robe of cold resistance (worn)
 E - a +0 cloak (worn)
 H - a +2 robe of magic resistance
 M - a +1 pair of boots (worn)
Jewellery
 f - an uncursed ring of resist corrosion
 y - a +4 ring of evasion (right hand)
 A - an uncursed ring of flight
 B - a ring of poison resistance (left hand)
Wands
 D - a wand of digging (6)
Scrolls
 a - 3 scrolls of amnesia {unknown}
 c - 2 scrolls of magic mapping {unknown}
 i - 2 scrolls of enchant armour {unknown}
 k - 8 scrolls of teleportation {unknown}
 l - a scroll of blinking {unknown}
 m - 4 scrolls of remove curse
 n - 8 scrolls of identify {unknown}
 o - a scroll of immolation {unknown}
 q - a scroll of random uselessness {unknown}
 u - 2 scrolls of fear {unknown}
 C - a scroll of summoning {unknown}
 F - a scroll of torment {unknown}
 J - a scroll of fog {unknown}
Potions
 e - 2 potions of curing
 g - a potion of might {unknown}
 h - a potion of mutation {unknown}
 j - 3 potions of flight {unknown}
 s - a potion of resistance {unknown}
 w - a potion of ambrosia {unknown}
 x - 2 potions of cancellation {unknown}
 z - 4 potions of lignification {unknown}
 I - a potion of invisibility {unknown}
 K - a potion of heal wounds {unknown}
Comestibles
 d - 18 rations
 L - a chunk of flesh


   Skills:
 + Level 8.5 Dodging
 - Level 2.4 Stealth
 + Level 10.1 Spellcasting
 + Level 10.0 Conjurations
 + Level 6.6 Summonings
 - Level 3.0 Translocations
 * Level 4.5 Ice Magic
 - Level 4.0 Air Magic
 - Level 4.0 Poison Magic
 + Level 6.5 Invocations


You had 12 spell levels left.
You knew the following spells:

 Your Spells              Type           Power        Failure   Level  Hunger
a - Magic Dart            Conj           ####         1%          1    None
b - Blink                 Tloc           N/A          1%          2    None
c - Call Imp              Summ           #####...     1%          2    None
d - Mephitic Cloud        Conj/Pois/Air  #####...     1%          3    None
e - Call Canine Familiar  Summ           #####...     1%          3    None
f - Frozen Ramparts       Ice            #####.       1%          3    None
s - Hailstorm             Conj/Ice       ######..     1%          4    None

Your spell library contained the following spells:

 Spells                   Type           Power        Failure   Level  Hunger
 Freeze                   Ice            ####         1%          1    None
 Shock                    Conj/Air       ####         1%          1    None
 Summon Small Mammal      Summ           ####         1%          1    None
 Conjure Flame            Conj/Fire      #####...     1%          3    None
 Dazzling Flash           Conj/Hex       #####.       1%          3    None
 Corpse Rot               Necr/Air       N/A          2%          2    None
 Ensorcelled Hibernation  Hex/Ice        ####..       2%          2    None
 Shroud of Golubria       Chrm/Tloc      ###...       3%          2    None
 Gell's Gravitas          Tloc           ####......   3%          3    None
 Summon Guardian Golem    Hex/Summ       ####....     3%          3    None
 Corona                   Hex            ##.....      4%          1    None
 Infusion                 Chrm           ##..         4%          1    None
 Ozocubu's Armour         Chrm/Ice       ####....     4%          3    None
 Summon Ice Beast         Ice/Summ       #####...     4%          4    None
 Summon Lightning Spire   Summ/Air       #####...     4%          4    None
 Slow                     Hex            ##......     6%          2    None
 Song of Slaying          Chrm           ##......     6%          2    None
 Confusing Touch          Hex            ##......     13%         3    None
 Spectral Weapon          Hex/Chrm       ##......     13%         3    None
 Tukima's Dance           Hex            ##......     13%         3    None
 Petrify                  Tmut/Erth      ##......     38%         4    None
 Metabolic Englaciation   Hex/Ice        ####......   41%         5    ####...
 Silence                  Hex/Air        ###.......   45%         5    ####...
 Freezing Cloud           Conj/Ice/Air   #####.....   45%         6    #####..
 Yara's Violent Unravell  Hex/Tmut       ##........   75%         5    ####...
 Ring of Flames           Chrm/Fire      ##........   100%        7    #######


Dungeon Overview and Level Annotations

Branches:
Dungeon (9/15)             Temple (1/1) D:4             Orc (1/2) D:9
   Lair: D:8-11

Altars:
Ashenzari
Cheibriados
Dithmenos
Elyvilon
Fedhas
Gozag
Hepliaklqana
Kikubaaqudgha
Makhleb
Nemelex Xobeh
Okawaru
Qazlal
Ru
Sif Muna
Trog
Uskayaw
Vehumet
Wu Jian
Xom
Yredelemnul
Zin
The Shining One

Shops:
D:4 %   D:5 ([:%   D:7 }}

Annotations:
D:9 2 transporters, Kimp's ghost, novice GrAM


Message History

The smoke demon hits you but does no damage.
The smoke demon hits you.
The smoke demon hits you but does no damage.
The red devil hits you from afar with a +0 demon trident.
The orc sorcerer hits you with a +0 dagger.
* * * LOW HITPOINT WARNING * * *
The smoke demon gestures at you. The sticky flame hits you.
You are covered in liquid flames!
* * * LOW HITPOINT WARNING * * *
You can move again.
Unknown command.
Okay, then.
Okay, then.
You are covered in liquid flames!
* * * LOW HITPOINT WARNING * * *
The orc sorcerer misses you.
The red devil hits you from afar with a +0 demon trident!!
Ouch! That really hurt!
You die...

.#...
.....#####
.....#.#.##
...........
..........# ##
...#......##.##
....#.........#
.....##..3)..#
....).#.4o@###
....>.....#..##
.....#....)...#
.... ##.).....#
... ##...$...##
. ##.^.......#
..........##
.##..).>....##
##.........#


You could see a smoke demon, an orc sorcerer and a red devil.

Vanquished Creatures
  Erolcha (D:9)
  Erica (D:8)
  Pikel (D:3)
  A centaur zombie (D:9)
  A troll (D:9)
  15 yaks
  Grum (D:9)
  Duvessa (D:6)
  3 orc warriors
  3 ice beasts
  4 wolves
  8 ogres
  2 black bears (D:9)
  5 centaurs
  3 big kobolds
  Blork the orc (D:5)
  2 gnoll sergeants
  4 bullfrogs
  Dowan (D:6)
  A scorpion (D:8)
  5 killer bees (D:9)
  2 howler monkeys
  2 wights (D:9)
  5 crimson imps
  A quasit (D:9)
  A bullfrog zombie (D:9)
  2 jellies
  Crazy Yiuf (D:7)
  5 orc priests
  4 hounds
  2 centaur skeletons
  3 iguanas
  Natasha (thrice) (D:2)
  11 orc wizards
  5 worker ants
  A worker ant zombie (D:9)
  14 gnolls
  7 adders
  4 oozes
  An adder skeleton (D:9)
  2 worms
  2 dart slugs (D:1)
  64 orcs
  2 ball pythons (D:2)
  4 giant cockroaches
  2 gnoll zombies (D:5)
  7 goblins
  6 hobgoblins
  8 jackals
  17 kobolds
  4 quokkas
  5 bats (D:1)
  4 frilled lizards
  6 rats
271 creatures vanquished.

Vanquished Creatures (collateral kills)
  An orc warrior (D:7)
  An ice beast (D:3)
  2 wights (D:9)
  An iron imp (D:7)
  3 orcs
  2 jackals (D:9)
10 creatures vanquished.

Grand Total: 281 creatures vanquished

Notes
Turn   | Place    | Note
-------+----------+-------------------------------------------
     0 | D:1      | Hasart the Deep Elf Wizard began the quest for the Orb.
     0 | D:1      | Reached XP level 1. HP: 10/10 MP: 7/7
   132 | D:1      | Reached XP level 2. HP: 15/15 MP: 6/9
   167 | D:1      | Learned a level 2 spell: Blink
   170 | D:1      | Learned a level 2 spell: Call Imp
   663 | D:1      | Reached XP level 3. HP: 19/19 MP: 3/11
   870 | D:2      | Found a shadowy altar of Dithmenos.
  1043 | D:2      | Found an iron altar of Okawaru.
  1043 | D:2      | Found a bloodstained altar of Trog.
  1043 | D:2      | Found a hazy altar of Hepliaklqana.
  1143 | D:2      | Noticed Natasha
  1148 | D:2      | Killed Natasha
  1188 | D:2      | Reached XP level 4. HP: 18/24 MP: 0/12
  1501 | D:2      | Reached skill level 5 in Spellcasting
  1554 | D:2      | Learned a level 3 spell: Mephitic Cloud
  1711 | D:2      | Noticed Natasha
  1715 | D:2      | Killed Natasha
  2122 | D:2      | Noticed Natasha
  2127 | D:2      | Killed Natasha
  2127 | D:2      | Reached XP level 5. HP: 19/28 MP: 8/14
  2496 | D:3      | Reached skill level 1 in Poison Magic
  2497 | D:3      | Found a blossoming altar of Fedhas.
  2653 | D:3      | Noticed an ice beast
  2679 | D:3      | Killed an ice beast
  2679 | D:3      | Reached skill level 1 in Air Magic
  2679 | D:3      | Reached XP level 6. HP: 20/32 MP: 4/16
  3386 | D:4      | Found a staircase to the Ecumenical Temple.
  3395 | Temple   | Entered the Ecumenical Temple
  3487 | Temple   | Became a worshipper of Sif Muna the Loreminder
  3735 | D:4      | Noticed a slave
  3737 | D:4      | Noticed Pikel
  3738 | D:4      | Noticed a slave
  3766 | D:4      | Noticed a slave
  3770 | D:4      | Noticed a slave
  3785 | D:3      | Killed Pikel
  3785 | D:3      | Reached skill level 5 in Conjurations
  3785 | D:3      | Reached skill level 1 in Invocations
  3785 | D:3      | Reached XP level 7. HP: 27/36 MP: 1/18
  4233 | D:4      | Found Deronocw's Food Shop.
  4572 | D:4      | Found a sacrificial altar of Ru.
  4638 | D:5      | Entered Level 5 of the Dungeon
  4671 | D:5      | Reached XP level 8. HP: 32/41 MP: 9/19
  4743 | D:5      | Found Udwa's Book Emporium.
  4828 | D:5      | Noticed Blork the orc
  4837 | D:5      | Killed Blork the orc
  4918 | D:5      | Found Cuastiop's Antique Armour Boutique.
  5046 | D:5      | Found Qicedi Qeimp's Food Boutique.
  5081 | D:5      | Found Rastripnu's Weapon Shop.
  5180 | D:5      | Found a basalt altar of Yredelemnul.
  5381 | D:6      | Noticed Duvessa
  5384 | D:6      | Noticed Dowan
  5530 | D:6      | Reached * piety under Sif Muna
  5623 | D:6      | Reached skill level 5 in Dodging
  6618 | D:6      | Killed Duvessa
  6620 | D:6      | Killed Dowan
  7000 | D:6      | Learned a level 3 spell: Call Canine Familiar
  7076 | D:7      | Found Jiociff's Gadget Boutique.
  7124 | D:7      | Reached ** piety under Sif Muna
  7636 | D:6      | Reached XP level 9. HP: 26/45 MP: 18/22
  8359 | D:7      | Found a snail-covered altar of Cheibriados.
  8466 | D:7      | Found Nekhes's Gadget Boutique.
  8775 | D:7      | Found a runed translucent door.
  8776 | D:7      | Noticed Crazy Yiuf
  8785 | D:7      | Killed Crazy Yiuf
  9098 | D:7      | HP: 2/45 [poisoned by kobold (curare-tipped dart)]
  9106 | D:7      | HP: 2/45 [poisoned by kobold (curare-tipped dart)]
  9649 | D:8      | Reached skill level 5 in Summonings
  9865 | D:8      | Noticed Erica
 10108 | D:8      | Killed Erica
 10402 | D:8      | Reached skill level 5 in Invocations
 10403 | D:8      | Reached *** piety under Sif Muna
 10410 | D:8      | Reached XP level 10. HP: 49/50 MP: 3/24
 10815 | D:9      | Noticed a cyan ugly thing
 10815 | D:9      | Noticed Grum
 11163 | D:9      | Killed Grum
 11712 | D:5      | Bought a book of Frost for 385 gold pieces
 11716 | D:5      | Learned a level 3 spell: Frozen Ramparts
 11721 | D:5      | Learned a level 4 spell: Hailstorm
 11804 | D:9      | Noticed Kimp's ghost (novice GrAM)
 11808 | D:9      | Found a transporter.
 11885 | D:9      | Reached skill level 1 in Ice Magic
 12140 | D:9      | Reached **** piety under Sif Muna
 12612 | D:9      | Found a transporter.
 12757 | D:9      | Found a radiant altar of Vehumet.
 13157 | D:9      | Noticed Erolcha
 13169 | D:9      | Killed Erolcha
 13169 | D:9      | Reached skill level 10 in Spellcasting
 13169 | D:9      | Reached XP level 11. HP: 54/54 MP: 9/27
 13309 | D:9      | Reached ***** piety under Sif Muna
 13537 | D:9      | Found a staircase to the Orcish Mines.
 13546 | Orc:1    | Entered Level 1 of the Orcish Mines
 13554 | Orc:1    | Identified Ejanaf's Catalogue of Helpful Lightness (Sif
                  | Muna gifted it to you on level 1 of the Orcish Mines)
 13554 | Orc:1    | Received a gift from Sif Muna
 13560 | Orc:1    | Reached skill level 10 in Conjurations
 13589 | Orc:1    | Noticed an orc sorcerer
 13614 | Orc:1    | Paralysed by an orc sorcerer for 5 turns
 13619 | Orc:1    | Annihilated by a red devil

Levels and vault maps discovered:
D:1:      nzn_arrival_crosshair, layout_basic
D:2:      minmay_skewed_foursquare, layout_loops_ring,
          grunt_dithmenos_smoke_and_mirrors, minitemple, first_ration,
          uniq_natasha
D:3:      layout_rooms, fedhas_altar_2
D:4:      layout_loops_ring, marbit_many_paths, temple_fountains, serial_shops,
          shop, uniq_pikel
D:5:      layout_cave_pools, lemuel_zombie_altar_yredelemnul, serial_shops,
          nicolae_shop_trees, nicolae_shop_behind_doors,
          nicolae_shop_behind_doors, shop, uniq_blork_the_orc
D:6:      layout_rooms, uniq_duvessa
D:7:      layout_basic, serial_shops, shop, shop, chei_slow_surprise,
          uniq_crazy_yiuf_cottage
D:8:      layout_basic, uniq_erica
D:9:      layout_basic, vehumet_crystals,
          kennysheep_orc_monster_closet_entryway, gammafunk_ghost_arena,
          uniq_erolcha, uniq_grum
Temple:   nicolae_temple_great_sept
Orc:1:    layout_caves, serial_shops, shop_statue

Skill      XL: |  1  2  3  4  5  6  7  8  9 10 11 |
---------------+----------------------------------+-----
Conjurations   | 2 3 5 6 8 9 10 | 10.0
Dodging        | 3 4 5 7 8 |  8.5
Spellcasting   | 5 6 7 8 10 | 10.1
Summonings     | 2 3 4 5 6 |  6.6
Translocations | 2 3 |  3.0
Poison Magic   | 1 2 3 4 |  4.0
Air Magic      | 1 2 3 4 |  4.0
Invocations    | 1 2 3 5 6 |  6.5
Ice Magic      | 3 4 |  4.5
Stealth        | |  2.4

Action                   |  1- 3 |  4- 6 |  7- 9 | 10-12 || total
-------------------------+-------+-------+-------+-------++-------
Melee: Unarmed           |     3 |       |       |       ||     3
       Dagger            |     9 |    15 |    67 |       ||    91
       Falchion          |       |     6 |    52 |       ||    58
       Scimitar          |       |       |     5 |    99 ||   104
Throw: Dart              |       |       |     2 |     2 ||     4
 Cast: Magic Dart        |    70 |   156 |   449 |   184 ||   859
       Call Imp          |     1 |     3 |     2 |       ||     6
       Mephitic Cloud    |       |     4 |    32 |    16 ||    52
       Call Canine Famil |       |       |    11 |     2 ||    13
       Frozen Ramparts   |       |       |       |    13 ||    13
       Hailstorm         |       |       |       |    12 ||    12
  Use: Potion            |       |     1 |       |     1 ||     2
       Scroll            |       |       |     1 |       ||     1
 Stab: Sleeping          |     2 |     1 |       |       ||     3
       Confused          |       |       |     6 |    10 ||    16
  Eat: Chunk             |     1 |     7 |    14 |    10 ||    32
       Ration            |       |       |     2 |       ||     2
Armor: Robe              |     2 |     5 |    25 |    36 ||    68
Dodge: Dodged            |    16 |    45 |   204 |   236 ||   501
       Rpst.: Falchion   |       |     5 |    25 |       ||    30
       Scimitar          |       |       |     4 |    56 ||    60

Table legend:
 A = Non-vault XP
 B = Vault XP
 C = Vault XP percentage of total XP
 D = Non-vault monster count
 E = Vault monster count
 F = Vault count percentage of total count
                 A         B        C        D         E       F
            +---------+---------+-------+---------+---------+-------
      Total |    8511 |    4801 |  36.1 |     242 |      39 |  13.9
            +---------+---------+-------+---------+---------+-------
        D:1 |      48 |       0 |   0.0 |      23 |       0 |   0.0
        D:2 |     132 |      53 |  28.6 |      21 |       7 |  25.0
        D:3 |     261 |     629 |  70.7 |      24 |       1 |   4.0
        D:4 |     298 |       0 |   0.0 |      21 |       0 |   0.0
        D:5 |     133 |      98 |  42.4 |      10 |       3 |  23.1
        D:6 |     680 |     223 |  24.7 |      29 |       2 |   6.5
        D:7 |    1422 |      67 |   4.5 |      34 |       2 |   5.6
        D:8 |    1077 |    1068 |  49.8 |      26 |       2 |   7.1
        D:9 |    3931 |    2663 |  40.4 |      45 |      22 |  32.8
      Orc:1 |     529 |       0 |   0.0 |       9 |       0 |   0.0
            +---------+---------+-------+---------+---------+-------
